 Dungeon Crawl Stone Soup version 0.31.0-32-g396128a36d (webtiles) character file.

Game seed: 361224916023233948

1706 monsoonserge the Grappler (level 9, -6/58 HPs)
             Began as an Octopode Shapeshifter on Apr 9, 2024.
             Was an Initiate of Gozag.
             Mangled by a troll (8 damage)
             ... on level 7 of the Dungeon.
             The game lasted 00:12:14 (5471 turns).

monsoonserge the Grappler (Octopode Shapeshifter)   Turns: 5471, Time: 00:12:15

Health: -6/58      AC:  1    Str: 17    XL:     9   Next: 3%
Magic:  18/18      EV: 14    Int: 13    God:    Gozag
Gold:   676        SH:  0    Dex: 11    Spells: 8/8 levels left

rFire   + .          .
                       - Unarmed
rCold   . . .        (no shield)
rNeg    + . .        (helmet currently unavailable)
rPois   .            (no amulet)
rElec   .            w - ring of positive energy
rCorr   .            z - ring of magical power
SInv    +            B - ring "Tizocziu" {rF+ Will+ SInv}
Will    +....        (no ring)
Stlth   +++          (no ring)
HPRegen 0.29/turn    (no ring)
MPRegen 0.16/turn    (no ring)
                     (no ring)

%: no passive effects
@: about to teleport, beast-form
A: beast (slay +2), almost no armour, amphibious, 8 rings, camouflage 1,
gelatinous body 1, (nimble swimmer 1), tentacles
a: Begin Untransformation, Renounce Religion, Potion Petition, Call Merchant,
Bribe Branch


You were on level 7 of the Dungeon.
You worshipped Gozag.
Gozag was pleased with you.
You were a hulking beast.
You visited 2 branches of the dungeon, and saw 8 of its levels.

You collected 878 gold pieces.
You spent 170 gold pieces at shops.
You paid 32 gold pieces to Gozag.

Inventory:

Missiles
 d - 6 javelins
 m - 5 boomerangs
 q - 13 poisoned darts
Jewellery
 j - a ring of fire
 w - a ring of positive energy (left tentacle)
 z - a ring of magical power (right tentacle)
 B - the ring "Tizocziu" (on tentacle) {rF+ Will+ SInv}
   (You found it on level 4 of the Dungeon)

   [ring of protection from fire]

   rF+:       It protects you from fire.
   Will+:     It increases your willpower.
   SInv:      It lets you see invisible.
Talismans
 b - a beast talisman
 c - a flux talisman
 H - a serpent talisman
Wands
 C - a wand of iceblast (5)
 E - a wand of polymorph (3)
Scrolls
 h - 3 scrolls of teleportation
 i - a scroll of vulnerability
 k - a scroll of fear {unknown}
 n - a scroll of acquirement {unknown}
 o - 2 scrolls of enchant armour {unknown}
 p - 3 scrolls of revelation
 r - 2 scrolls of fog
 s - a scroll of immolation {unknown}
 x - a scroll of noise {unknown}
 A - a scroll of blinking {unknown}
 D - a scroll of butterflies
Potions
 a - a potion of haste {unknown}
 e - 2 potions of heal wounds {unknown}
 f - a potion of ambrosia {unknown}
 g - 3 potions of degeneration {unknown}
 l - a potion of attraction {unknown}
 t - a potion of resistance {unknown}
 u - 2 potions of curing
 v - 3 potions of brilliance
 F - 2 potions of invisibility
 G - 2 potions of might


   Skills:
 - Level 4.0 Fighting
 - Level 4.0 Dodging
 - Level 2.0 Stealth
 - Level 9.2 Unarmed Combat
 - Level 1.0 Evocations
 + Level 4.9 Shapeshifting


You had 8 spell levels left.
You didn't know any spells.
Your spell library contained the following spells:

 Spells                   Type           Power      Damage    Failure   Level
 Necrotise                Necr           0%         1d4       30%         1
 Frozen Ramparts          Ice            0%         1d1       67%         3
 Stone Arrow              Conj/Erth      0%         3d7       67%         3
 Vampiric Draining        Necr           0%         2d6       67%         3
 Leda's Liquefaction      Alch/Erth      0%         N/A       97%         4
 Martyr's Knell           Necr/Summ      0%         N/A       97%         4
 Petrify                  Alch/Erth      0%         N/A       97%         4
 Curse of Agony           Necr           0%         N/A       100%        5
 Metabolic Englaciation   Hex/Ice        0%         N/A       100%        5
 Lehudib's Crystal Spear  Conj/Erth      0%         10d2      100%        8
 Animate Armour           Summ/Erth      Unusable   N/A       N/A         4

Dungeon Overview and Level Annotations

Branches:
Dungeon (7/15)             Temple (1/1) D:7

Altars:
Ashenzari
Cheibriados
Dithmenos
Elyvilon
Fedhas
Gozag
Hepliaklqana
Kikubaaqudgha
Makhleb
Nemelex Xobeh
Okawaru
Qazlal
Ru
Sif Muna
Trog
Uskayaw
Vehumet
Wu Jian
Xom
Yredelemnul
Zin
The Shining One

Shops:
D:2 :   D:4 *


Innate Abilities, Weirdness & Mutations

You are a hulking beast.
Your limbs bulge with bestial killing power. (Slay +2)
You cannot wear most types of armour.
You are amphibious.
You can wear up to eight rings at the same time.
Your skin changes colour to match your surroundings (Stealth+).
Your rubbery body absorbs attacks. (AC +1, EV +1)
((You are camouflaged when in or above water. (Stealth+)))
You have tentacles for arms and can constrict up to eight enemies at once.


Message History

You start resting.
HP restored.
A troll comes into view.
Found a fuming clear potion.
The troll shouts!
You hear a shout!
Throw: 14 darts (poison)
Press: ? - help, Q - select action, (/) - cycle Shift-Dir - straight line, f - troll
Aim: a troll (59% to hit)
You throw a poisoned dart. The poisoned dart hits the troll.
The troll is poisoned.
Unknown command.
Throw: 2 throwing nets
Press: ? - help, Q - select action, (/) - cycle Shift-Dir - straight line, f/p - troll
Aim: a troll (poisoned, 59% to hit)
You throw a throwing net.
The throwing net closely misses the troll.
The troll completely misses you. The troll barely misses you.
The troll claws you.
Throw: throwing net
Press: ? - help, Q - select action, (/) - cycle Shift-Dir - straight line, f/p - troll
Aim: a troll (lightly wounded, poisoned, 57% to hit)
You throw a throwing net.
The throwing net barely misses the troll.
The troll bites you! The troll claws you. x2
Okay, then.
As you read the scroll labelled ARPHIN UPIGYLL, it crumbles to dust.
You feel strangely unstable.
It was a scroll of teleportation.
The troll closely misses you. x3
You bludgeon the troll!
The troll is moderately wounded.
The troll looks more healthy.
The troll bites you! The troll barely misses you. The troll claws you.
* * * LOW HITPOINT WARNING * * *
You barely miss the troll.
Your tentacle-slap misses the troll.
The troll is moderately wounded.
The troll bites you!
* * * LOW HITPOINT WARNING * * *
The troll closely misses you. The troll claws you!
You die...
Your body crumbles into a pile of gold.

.....# ♣
♣♣.♣♣#.♣.♣.#.........
####.#
...♣#♣...♣#..♣..#.........
#.#
................#........#
##.#
...♣#♣...♣#..♣..#.......#.
#..# ♣♣.♣♣#.♣.♣.#......#.#
###..# #.#
#♣♣.♣♣#......##. .##..#
♣.♣♣ ♣♣.♣♣#.....#.##
..<..#
♣.♣.♣#♣.).♣#.#..#.#..
.....#
#.♣♣♣h#.....#.#..##...
F....# #♣
♣T♣#.....#.#.#..... .....#
♣(♣ #.....#.........
.....#♣ #.
#.♣♣♣.#.####..#. ......♣♣♣
! #♣.♣.♣..# ##..>
........⌠ .# #.♣♣♣...#
###. ......♣♣♣ ##
#♣.♣.♣..# ###. .....#♣
#.♣♣♣.#[# ##... .....#
#.....#.## #P.P.


You could see a troll.

Vanquished Creatures
  2 ice beasts
  A water moccasin (D:6)
  A black bear (D:6)
  An ogre (D:7)
  A phantom (D:6)
  2 kobold brigands
  2 bullfrogs
  3 scorpions
  A wight (D:7)
  A killer bee (D:7)
  3 howler monkeys
  A bombardier beetle (D:6)
  A jelly (D:7)
  2 hounds
  An orc priest (D:2)
  4 iguanas
  2 sleepcaps
  Jessica (D:3)
  An orc wizard (D:7)
  4 gnolls (D:4)
  4 adders
  A shadow imp (D:6)
  2 ribbon worms
  A dart slug (D:3)
  14 orcs
  4 ball pythons
  6 endoplasms
  A giant cockroach (D:2)
  2 goblins
  7 hobgoblins
  5 jackals
  13 kobolds
  5 quokkas
  A bat (D:1)
  A frilled lizard (D:2)
  3 rats
105 creatures vanquished.

Notes
Turn   | Place    | Note
-------+----------+-------------------------------------------
     0 | D:1      | monsoonserge the Octopode Shapeshifter began the quest for
                  | the Orb.
     0 | D:1      | Reached XP level 1. HP: 13/13 MP: 1/1
   447 | D:1      | Found a faded altar of an unknown god.
   458 | D:1      | Reached XP level 2. HP: 17/18 MP: 2/2
   620 | D:2      | Found Ybovotin's Book Boutique.
   673 | D:2      | Reached skill level 1 in Stealth
   673 | D:2      | Reached XP level 3. HP: 24/24 MP: 3/3
   691 | D:2      | Found a blossoming altar of Fedhas.
   778 | D:2      | Reached XP level 4. HP: 29/29 MP: 4/4
  1107 | D:3      | Found an iron altar of Okawaru.
  1107 | D:3      | Found an opulent altar of Gozag.
  1116 | D:3      | Became a worshipper of Gozag Ym Sagoz the Greedy
  1353 | D:3      | Noticed Jessica
  1355 | D:3      | Found a shadowy altar of Dithmenos.
  1360 | D:3      | Killed Jessica
  1361 | D:3      | Reached XP level 5. HP: 35/35 MP: 5/5
  1458 | D:3      | You fall into a shaft and drop 2 floors!
  1458 | D:5      | Entered Level 5 of the Dungeon
  1833 | D:4      | Found a white marble altar of Elyvilon.
  1833 | D:4      | Found a shimmering altar of Xom.
  1846 | D:4      | Found a sparkling altar of Nemelex Xobeh.
  1849 | D:4      | Found a basalt altar of Yredelemnul.
  1852 | D:4      | Found a snail-covered altar of Cheibriados.
  1855 | D:4      | Found a bloodstained altar of Trog.
  1857 | D:4      | Found a radiant altar of Vehumet.
  1889 | D:4      | Found Fosi Bets's General Store.
  1978 | D:4      | Reached skill level 4 in Unarmed Combat
  2131 | D:4      | Found a shimmering blue altar of Sif Muna.
  2188 | D:4      | Reached XP level 6. HP: 34/42 MP: 6/6
  2247 | D:4      | Reached skill level 5 in Unarmed Combat
  2265 | D:4      | Identified the ring "Tizocziu" {rF+ Will+ SInv}
  2556 | D:4      | Bought a scroll of butterflies for 48 gold pieces
  2556 | D:4      | Bought a scroll of fog for 48 gold pieces
  2556 | D:4      | Bought a wand of polymorph (3) for 50 gold pieces
  2649 | D:4      | Bought a scroll of identify for 24 gold pieces
  2706 | D:5      | Reached skill level 1 in Evocations
  3474 | D:6      | Noticed a water moccasin
  3479 | D:6      | Reached skill level 6 in Unarmed Combat
  3479 | D:6      | Reached XP level 7. HP: 39/46 MP: 7/7
  3629 | D:6      | Reached skill level 7 in Unarmed Combat
  3786 | D:6      | Reached skill level 8 in Unarmed Combat
  3786 | D:6      | Reached XP level 8. HP: 45/52 MP: 8/8
  3925 | D:6      | Found an ancient bone altar of Kikubaaqudgha.
  4340 | D:7      | Reached skill level 9 in Unarmed Combat
  5271 | D:7      | Found a staircase to the Ecumenical Temple.
  5280 | Temple   | Entered the Ecumenical Temple
  5355 | D:7      | Reached XP level 9. HP: 30/58 MP: 9/9
  5465 | D:7      | Noticed a troll
  5471 | D:7      | HP: 2/58 [troll (13)]
  5471 | D:7      | Mangled by a troll

Illustrated notes

Levels and vault maps discovered:
D:1:      minmay_arrival_shattered_statue, layout_loops_ring,
          shapermc_ecumenical_altar_mp_highgroup, feat_on_display
D:2:      layout_rooms, serial_shops, nicolae_book_shop_shelving, basic_altar,
          minmay_misc_feat_columns
D:3:      layout_loops_ring, lemuel_crystal_altar,
          mainiacjoe_overflow_large_starburst, uniq_jessica
D:4:      layout_rooms, lemuel_doored_altar,
          nicolae_overflow_hallway_of_the_gods, serial_shops,
          nicolae_shop_tiny_waterfront
D:5:      layout_rooms, serial_aquarium, aquarium_bridge_long_separate
          [aquarium_subvault_bridge, aquarium_subvault_bridge,
          aquarium_subvault_bridge, aquarium_subvault_window,
          aquarium_subvault_bridge, aquarium_subvault_window],
          aquarium_bridge_square [aquarium_subvault_wall,
          aquarium_subvault_bridge, aquarium_subvault_bridge,
          aquarium_subvault_window], aquarium_window_fake, aquarium_window_fake,
          aquarium_window_1, aquarium_view_2c, aquarium_view_2e,
          aquarium_balcony_5b, aquarium_pool_double, dreamdust_princess_bridge
D:6:      layout_loops_ring, old_standard_altar
D:7:      nzn_winding_woodlands_medium [nzn_winding_woodlands_5x5_default,
          nzn_winding_woodlands_5x15_parted, nzn_winding_woodlands_hourglass,
          nzn_winding_woodlands_5x5_open_star,
          nzn_winding_woodlands_center_diamonds,
          nzn_winding_woodlands_5x5_default,
          nzn_winding_woodlands_5x5_checkerboard,
          nzn_winding_woodlands_5x15_sawtooth,
          nzn_winding_woodlands_5x5_default], layout_basic,
          minmay_temple_entry_gardened_gates, small_statue_intersection,
          minmay_misc_feat_secret_circle, corexii_corridor_pit, uniq_pikel
Temple:   nicolae_temple_figure_zero

Skill      XL: |  1  2  3  4  5  6  7  8 |
---------------+-------------------------+-----
Stealth        | 1 2 |  2.0
Fighting       | 2 3 4 |  4.0
Dodging        | 3 4 |  4.0
Unarmed Combat | 4 6 8 9 |  9.2
Evocations     | 1 |  1.0
Shapeshifting  | 4 |  4.9

Action                     |  1- 3 |  4- 6 |  7- 9 || total
---------------------------+-------+-------+-------++-------
  Melee: Unarmed           |    42 |   115 |   104 ||   261
         Constrict         |    12 |    21 |    21 ||    54
         Tentacles         |     8 |    22 |    22 ||    52
         Punch             |     2 |     3 |     5 ||    10
  Throw: Dart              |       |       |     6 ||     6
         Boomerang         |       |       |     8 ||     8
         Throwing net      |       |       |     2 ||     2
    Use: Scroll            |       |     6 |     1 ||     7
         Potion            |       |       |     1 ||     1
   Stab: Sleeping          |     1 |     9 |     3 ||    13
 Armour: Skin              |    14 |    41 |    62 ||   117
  Dodge: Dodged            |    21 |    59 |    51 ||   131
